 Dungeon Crawl Stone Soup version 0.19.4-8-ga85b6b9 (webtiles) character file.

149 vatarom the Sneak (level 5, -1/26 HPs)
             Began as a Vine Stalker Assassin on Feb 6, 2017.
             Succumbed to a worker ant's poison
             ... on level 3 of the Dungeon.
             The game lasted 00:04:20 (1893 turns).

vatarom the Sneak (Vine Stalker Assassin)           Turns: 1893, Time: 00:04:21

Health: -1/26      AC:  3    Str: 14    XL:     5   Next: 31%
Magic:  5/6        EV: 11    Int: 11    God:
Gold:   92         SH:  0    Dex: 16    Spells: 0 memorised, 4 levels left

rFire  . . .     SeeInvis .     b - +1 blowgun
rCold  . . .     Gourm    .     c - +0 robe
rNeg   . . .     Faith    .     (no shield)
rPois  .         Spirit   +     (no helmet)
rElec  .         Reflect  .     d - +0 cloak
rCorr  .         Harm     .     (no gloves)
MR     .....                    (no boots)
Stlth  +++.......               m - amulet of magic regeneration
                                (no ring)
                                (no ring)

@: lethally poisoned (-1 -> -18), exhausted, slowed, very slow
A: fangs 2, regeneration 1, magic shield, antimagic bite, no device heal 3, rot
immunity
a: no special abilities


You were on level 3 of the Dungeon.
You were not hungry.

You visited 1 branch of the dungeon, and saw 3 of its levels.

You collected 92 gold pieces.

Inventory:

Hand Weapons
 a - a +3 dagger
 b - a +1 blowgun (weapon)
Missiles
 e - 20 poisoned needles (quivered)
 f - 2 curare-tipped needles
Armour
 c - a +0 robe (worn)
 d - a +0 cloak (worn)
Jewellery
 m - an amulet of magic regeneration (around neck)
Scrolls
 i - a scroll of fear
 k - a scroll of enchant weapon
 l - a scroll of remove curse
Potions
 n - a potion of magic
Comestibles
 g - 2 bread rations
 h - a beef jerky
 j - a chunk of flesh


   Skills:
 - Level 1.7 Fighting
 + Level 4.8 Short Blades
 - Level 1.7 Throwing
 - Level 0.7 Dodging
 - Level 4.8 Stealth


You had 4 spell levels left.
You didn't know any spells.

Dungeon Overview and Level Annotations

Branches:
Dungeon (3/15)

Altars:


Innate Abilities, Weirdness & Mutations

You have extremely sharp teeth.
Your natural rate of healing is unusually fast.
When hurt, damage is shared between your health and your magic reserves.
Your bite disrupts and absorbs the magic of your enemies.
Potions and wands cannot restore your health.
You are immune to rotting.


Message History

You are more poisoned.
The worker ant poisons you!
Wield which item (- for none, * to show all)? (? for menu, Esc to quit)
b - a +1 blowgun (weapon)
* * * LOW HITPOINT WARNING * * *
You feel sick. The worker ant closely misses you.
Firing (i - inventory. (,) - cycle):
e - 22 poisoned needles (quivered)
Press: ? - help, Shift-Dir - straight line, f - worker ant
Aim: a worker ant (almost dead)
You shoot a poisoned needle.
The poisoned needle completely misses the worker ant.
* * * LOW HITPOINT WARNING * * *
You feel very sick. The worker ant closely misses you.
The worker ant barely misses you.
Firing (i - inventory. (,) - cycle):
e - 21 poisoned needles (quivered)
Press: ? - help, Shift-Dir - straight line, f/p - worker ant
Aim: a worker ant (almost dead)
You shoot a poisoned needle.
The poisoned needle closely misses the worker ant.
You die...

#........##.#
#........##.# ##.#
#........##.# ...#
#........##.# ##..#
#........##.# #(..
#.........#.# #..#
#......)#.#.# #..#
#.......#...# #a.#
#.......##†.# #@.####
#.......##..##.#.....#
###########>...#.###.#
#.......#...#
#.########.##
#.#####....#
#.......#### #########


You could see a worker ant.

Vanquished Creatures
  Jessica (D:2)
  2 adders
  3 gnolls (D:2)
  2 oozes
  3 worms (D:2)
  2 dart slugs
  4 leopard geckos
  4 bats
  3 giant cockroaches (D:2)
  4 goblins
  8 hobgoblins
  2 jackals (D:3)
  A ball python (D:2)
  4 frilled lizards
  5 kobolds
  8 rats
56 creatures vanquished.

Notes
Turn   | Place    | Note
-------+----------+-------------------------------------------
     0 | D:1      | vatarom the Vine Stalker Assassin began the quest for the Orb.
     0 | D:1      | Reached XP level 1. HP: 11/11 MP: 2/2
   290 | D:1      | Reached XP level 2. HP: 15/15 MP: 3/3
   750 | D:2      | Reached XP level 3. HP: 18/18 MP: 4/4
  1156 | D:2      | Noticed Jessica
  1160 | D:2      | Killed Jessica
  1160 | D:2      | Gained mutation: Your natural rate of healing is unusually fast. [Vine Stalker growth]
  1160 | D:2      | Reached XP level 4. HP: 23/23 MP: 5/5
  1625 | D:2      | Reached XP level 5. HP: 24/26 MP: 6/6
  1892 | D:3      | HP: 1/26 [poisoned by a worker ant]
  1893 | D:3      | Succumbed to a worker ant's poison

Skill      XL: |  1  2  3 |
---------------+----------+-----
Short Blades   | 2 3 4 |  4.8
Fighting       | |  1.7
Throwing       | |  1.7
Dodging        | |  0.7
Stealth        | |  4.8

Action                   |  1- 3 |  4- 6 || total
-------------------------+-------+-------++-------
Melee: Dagger            |    73 |    81 ||   154
       Bite              |    21 |    24 ||    45
 Fire: Blowgun           |       |     2 ||     2
  Use: Potion            |     2 |     4 ||     6
       Scroll            |     6 |     2 ||     8
 Stab: Sleeping          |    13 |     3 ||    16
  Eat: Chunk             |     1 |     2 ||     3
Armor: Robe              |     9 |     9 ||    18
Dodge: Dodged            |    22 |    46 ||    68
